 Seeded DCSS version 0.30-a0-40-gc6d0f036a7 (webtiles) character file.

Game seed: 20220829 (custom seed)

8183 flotson the Trooper (level 11, 0/74 HPs)
             Began as a Demonspawn Delver on Aug 29, 2022.
             Was a Believer of Hepliaklqana.
             Slain by a red devil
             ... wielding a +1 trident of flaming
              (10 damage)
             ... in a volcano.
             The game lasted 00:22:12 (12720 turns).

flotson the Trooper (Demonspawn Delver)            Turns: 12720, Time: 00:22:12

Health: 0/74       AC: 19    Str: 23    XL:     11   Next: 6%
Magic:  0/15       EV: 12    Int: 12    God:    Hepliaklqana [**....]
Gold:   555        SH:  9    Dex: 14    Spells: 10/10 levels left

rFire   + . .      SeeInvis .    q - +2 short sword (drain)
rCold   . . .      Faith    .    E - +0 kite shield
rNeg    + + .      Spirit   +    t - +4 ring mail of Veotosm {+Inv Fly rN++}
rPois   .          Reflect  .    (no helmet)
rElec   .          Harm     .    u - +0 cloak
rCorr   +          Rampage  .    r - +0 pair of gloves
Will    .....                    S - +1 pair of boots
Stlth   ++........               e - amulet of the acrobat
HPRegen 0.22/turn                G - +6 ring of strength
MPRegen 0.28/turn                M - ring of protection from fire

@: spiked, on berserk cooldown, flying, hasted and slowed
A: reduced essence, claws 2, yellow scales 3, magic shield, magic regeneration,
demonic magic 1
a: Renounce Religion, Evoke Invisibility, Recall Ancestor, Ancestor Identity


You were in a volcano.
You worshipped Hepliaklqana.
Hepliaklqana was pleased with you.
You visited 2 branches of the dungeon, and saw 11 of its levels.
You also visited: Volcano.

You collected 567 gold pieces.
You spent 12 gold pieces at shops.

Inventory:

Hand Weapons
 q - a +2 short sword of draining (weapon)
 x - a +0 war axe
 Q - a +3 whip
Missiles
 a - 18 poisoned darts (quivered)
 K - 2 throwing nets
Armour
 i - a +2 chain mail of willpower
 r - a +0 pair of gloves (worn)
 t - the +4 ring mail of Veotosm (worn) {+Inv Fly rN++}
   (You found it on level 3 of the Dungeon)

   rN:        It greatly protects you from negative energy.
   +Inv:      It lets you turn invisible.
   Fly:       It grants you flight.
 u - a +0 cloak (worn)
 E - a +0 kite shield (worn)
 S - a +1 pair of boots (worn)
Jewellery
 e - an amulet of the acrobat (around neck)
 s - a ring of ice
 G - a +6 ring of strength (left hand)
 M - a ring of protection from fire (right hand)
Wands
 g - a wand of digging (3)
 C - a wand of flame (77)
 H - a wand of paralysis (8)
Scrolls
 c - 2 scrolls of fog
 d - 8 scrolls of teleportation {unknown}
 h - a scroll of immolation {unknown}
 k - 2 scrolls of poison {unknown}
 m - a scroll of brand weapon {unknown}
 y - 6 scrolls of noise {unknown}
 A - 2 scrolls of summoning {unknown}
 D - 3 scrolls of enchant weapon {unknown}
 I - a scroll of magic mapping
 L - a scroll of acquirement {unknown}
 N - a scroll of enchant armour {unknown}
 T - 2 scrolls of silence {unknown}
Potions
 f - 7 potions of curing
 j - a potion of attraction
 l - a potion of berserk rage
 n - 2 potions of might
 o - 3 potions of lignification
 p - 3 potions of mutation
 v - 2 potions of ambrosia
 B - a potion of haste
 F - a potion of invisibility
 J - 2 potions of flight {unknown}
 O - 2 potions of cancellation {unknown}
 P - a potion of experience {unknown}
Miscellaneous
 w - a phial of floods (inert)
 R - a phantom mirror (inert)


   Skills:
 + Level 6.9 Fighting
 + Level 6.1 Axes
 + Level 5.4 Throwing
 + Level 5.6 Armour
 + Level 6.0 Dodging
 - Level 4.5 Stealth
 + Level 4.8 Shields
 + Level 6.6 Invocations
 + Level 6.2 Evocations


You had 10 spell levels left.
You didn't know any spells.
Your spell library contained the following spells:

 Spells                   Type           Power      Damage    Failure   Level
 Necrotise                Necr           0%         1d4       82%         1
 Shock                    Conj/Air       0%         1d3       82%         1
 Sting                    Tmut/Pois      0%         1d3       82%         1
 Poisonous Vapours        Pois/Air       0%         N/A       91%         2
 Frozen Ramparts          Ice            0%         1d1       99%         3
 Portal Projectile        Hex/Tloc       0%         N/A       99%         3
 Swiftness                Air            0%         N/A       99%         3
 Tukima's Dance           Hex            0%         N/A       99%         3
 Vampiric Draining        Necr           0%         2d6       99%         3
 Airstrike                Air            0%         2d(0-16)  100%        4
 Cause Fear               Hex            0%         N/A       100%        4
 Ice Form                 Ice/Tmut       0%         N/A       100%        4
 Olgreb's Toxic Radiance  Pois           0%         N/A       100%        4
 Summon Ice Beast         Ice/Summ       0%         N/A       100%        4
 Agony                    Necr           0%         N/A       100%        5
 Blade Hands              Tmut           0%         N/A       100%        5
 Dragon Form              Tmut           0%         N/A       100%        7
 Dragon's Call            Summ           0%         N/A       100%        9


Dungeon Overview and Level Annotations

Branches:
Dungeon (10/15)            Temple (0/1) D:6            Lair (1/5) D:9
Volcano (1/1)
    Orc: D:9-12

Altars:
Ashenzari
Dithmenos
Fedhas
Hepliaklqana
Kikubaaqudgha
Makhleb
Nemelex Xobeh
Okawaru
Qazlal
Ru
Sif Muna
Trog
Vehumet
Xom

Shops:
D:6 =   D:9 !

Annotations:
D:7 1 runed translucent door, gregwegmann's ghost, novice HOSu


Innate Abilities, Weirdness & Mutations

Your life essence is reduced to manifest your ancestor. (-10% HP)
You have very sharp fingernails.
You are completely covered in yellow scales. (AC +4, rCorr)
When hurt, damage is shared between your health and your magic reserves.
You regenerate magic rapidly.
Spells you cast may paralyse adjacent enemies.


Message History

The smoke demon is almost dead.
The smoke demon closely misses you. You block the smoke demon's attack. x2
The red devil completely misses you.
Unknown command.
You completely miss the smoke demon.
The smoke demon is severely wounded.
The red devil hits you but does no damage.
The smoke demon hits you but does no damage. x3
Unknown command.
You puncture the smoke demon!
The smoke demon is almost dead.
Unknown command.
You barely miss the smoke demon.
The smoke demon is almost dead.
The smoke demon gestures at you. Something smites you!
* * * LOW HITPOINT WARNING * * *
The red devil hits you from afar with a +1 trident of flaming.
* * * LOW HITPOINT WARNING * * *
Barbed spikes become lodged in your body.
You puncture the smoke demon!
You kill the smoke demon!
You are no longer berserk.
You are exhausted.
You feel yourself slow down.
The red devil hits you but does no damage.
You feel much better. The hell hound breathes flames at you.
The blast of flame hits the red devil.
The red devil completely resists.
The blast of flame hits you! You resist.
* * * LOW HITPOINT WARNING * * *
The red devil hits you but does no damage.
The red devil hits you from afar with a +1 trident of flaming.
* * * LOW HITPOINT WARNING * * *
Barbed spikes become lodged in your body.
The red devil burns you.
* * * LOW HITPOINT WARNING * * *
You feel yourself speed up.
The red devil hits you from afar with a +1 trident of flaming!
You die...

..≈≈≈≈§≈≈§≈≈ §≈≈≈≈≈≈≈ ≈≈§§§≈≈.#
####### §§§§≈§≈ ≈≈≈§§§≈.# +.....+
..≈§§≈≈ ≈≈≈≈§≈§.# .8_8. .≈§≈≈≈§
≈≈≈≈§§§.# 3h~ .§§≈§≈§ §≈≈≈≈≈..##
#4# .§≈≈§§≈§ ≈≈≈≈≈≈≈.# #~#
.≈§§§≈≈≈≈≈≈≈§≈≈≈.# #u#
≈≈≈≈≈≈§≈≈≈§≈≈≈≈≈@# #.#
§≈§○≈≈≈≈≈≈≈≈≈≈≈≈.# #.#
..≈≈≈≈≈≈≈§≈≈≈≈§≈4# #.#
.§≈≈≈≈≈≈≈≈§≈≈§≈≈h# #.#
.≈≈§≈≈≈≈§≈§§≈≈§≈.########4#######
.○○§≈≈≈§§≈≈≈≈≈≈§...u§§u(..(......
..≈○°°°§§§≈§≈≈≈≈§≈§§≈§≈≈≈≈≈≈≈≈.≈≈
§§≈≈°≈≈≈≈≈§≈§≈≈≈≈§§≈≈≈≈≈≈≈≈§≈≈≈≈≈
§○○°§≈§≈§≈≈≈≈§§§§§≈§≈§≈≈≈≈≈§§≈≈§≈


You could see a red devil and a hell hound.

Vanquished Creatures
  A two-headed ogre (D:10)
  A wizard (D:10)
  An ugly thing (Volcano)
  A smoke demon (Volcano)
  2 yaks (D:8)
  2 wyverns
  2 hogs (D:8)
  A human (D:8)
  A steam dragon (D:8)
  4 water moccasins
  A sky beast (D:6)
  2 ice beasts
  An orc warrior (D:9)
  4 black bears
  4 centaurs
  A kobold brigand (D:7)
  6 bullfrogs
  2 scorpions
  A necrophage (D:7)
  3 wights (D:7)
  6 killer bees
  3 howler monkeys (D:7)
  2 lava snakes (Volcano)
  4 gnoll boudas
  4 orc priests
  3 hounds
  2 jellies
  3 iguanas
  6 orc wizards
  8 adders
  15 gnolls
  2 white imps
  2 ufetubi
  4 worms
  3 dart slugs
  16 orcs
  5 bats
  5 endoplasms
  3 giant cockroaches
  3 goblins
  7 hobgoblins
  4 quokkas
  3 ball pythons
  5 frilled lizards
  11 kobolds
  5 rats
175 creatures vanquished.

Vanquished Creatures (collateral kills)
  A troll (D:10)
  2 hogs (D:8)
  A yak (D:9)
  2 fire bats (Volcano)
  2 vampire mosquitoes (D:10)
  An acid dragon (D:9)
  A water moccasin (D:9)
  A scorpion (Lair:1)
  A killer bee (D:8)
  2 lava snakes (Volcano)
  3 orc priests
  3 orc wizards
  2 gnolls (D:8)
  A white imp (D:8)
  7 orcs
  3 kobolds
33 creatures vanquished.

Vanquished Creatures (others)
  A lava snake (Volcano)
  3 hexers
  2 ancestors
  48 fungi (D:9)
  49 plants
103 creatures vanquished.

Grand Total: 311 creatures vanquished

Notes
Turn   | Place    | Note
-------+----------+-------------------------------------------
     0 | D:5      | flotson the Demonspawn Delver began the quest for the Orb.
     0 | D:5      | Reached XP level 1. HP: 18/18 MP: 1/1
    89 | D:5      | Noticed a water moccasin
   147 | D:4      | Noticed a jelly
   180 | D:4      | Noticed a hound
   187 | D:4      | Noticed an iguana
   525 | D:1      | Gained mutation: You are partially covered in yellow
                  | scales. (AC +2) [demonic ancestry]
   525 | D:1      | Reached XP level 2. HP: 19/24 MP: 2/2
   797 | D:1      | Found a faded altar of an unknown god.
  1535 | D:2      | Reached skill level 1 in Evocations
  1860 | D:2      | Gained mutation: Spells you cast may paralyse adjacent
                  | enemies. [demonic ancestry]
  1860 | D:2      | Reached XP level 3. HP: 24/29 MP: 3/3
  2125 | D:2      | Reached skill level 1 in Armour
  2571 | D:3      | Identified the +4 ring mail of Veotosm {+Inv Fly rN++}
  2595 | D:3      | Gained mutation: You have sharp fingernails. [demonic
                  | ancestry]
  2595 | D:3      | Reached XP level 4. HP: 34/35 MP: 4/4
  2979 | D:3      | Found an iron altar of Okawaru.
  3138 | D:4      | Reached skill level 1 in Throwing
  3138 | D:4      | Reached XP level 5. HP: 41/41 MP: 5/5
  3148 | D:4      | Noticed a black bear
  3163 | D:4      | Killed a black bear
  3256 | D:4      | Gained mutation: You are mostly covered in yellow scales.
                  | (AC +3) [demonic ancestry]
  3256 | D:4      | Reached XP level 6. HP: 46/48 MP: 6/6
  4567 | D:5      | Killed a water moccasin
  4568 | D:5      | Gained mutation: You are completely covered in yellow
                  | scales. (AC +4, rCorr) [demonic ancestry]
  4568 | D:5      | Reached XP level 7. HP: 54/54 MP: 7/7
  5459 | D:6      | Reached skill level 1 in Shields
  5613 | D:6      | Found a radiant altar of Vehumet.
  5669 | D:6      | Found a sacrificial altar of Ru.
  5671 | D:6      | Found a hazy altar of Hepliaklqana.
  5673 | D:6      | Found a shimmering altar of Xom.
  5678 | D:6      | Found a broken altar of Ashenzari.
  5680 | D:6      | Became a worshipper of Hepliaklqana the Forgotten
  5683 | D:6      | Found a bloodstained altar of Trog.
  5687 | D:6      | Found a shimmering blue altar of Sif Muna.
  5690 | D:6      | Found an ancient bone altar of Kikubaaqudgha.
  5709 | D:6      | Found a staircase to the Ecumenical Temple.
  5724 | D:6      | Found a sparkling altar of Nemelex Xobeh.
  5724 | D:6      | Found a faded altar of an unknown god.
  5733 | D:6      | Found a burning altar of Makhleb.
  5737 | D:6      | Found a faded altar of an unknown god.
  5861 | D:6      | Found Dusahicu's Jewellery Shop.
  6139 | D:6      | Gained mutation: You regenerate magic rapidly. [demonic
                  | ancestry]
  6139 | D:6      | Reached XP level 8. HP: 52/61 MP: 8/8
  6386 | D:7      | Reached skill level 1 in Invocations
  6920 | D:7      | Reached skill level 5 in Fighting
  7696 | D:7      | Found a runed translucent door.
  7697 | D:7      | Noticed gregwegmann's ghost (novice HOSu)
  7712 | D:7      | Reached * piety under Hepliaklqana
  7885 | D:7      | Gained mutation: You have very sharp fingernails. [demonic
                  | ancestry]
  7885 | D:7      | Reached XP level 9. HP: 61/61 MP: 11/11
  8865 | D:8      | Found a shadowy altar of Dithmenos.
  9167 | D:8      | Reached skill level 5 in Axes
  9526 | D:9      | Reached skill level 5 in Dodging
  9575 | D:9      | Reached ** piety under Hepliaklqana
  9603 | D:9      | Reached skill level 5 in Evocations
  9666 | D:9      | Found Duekinot's Distillery.
  9674 | D:9      | Bought a potion of degeneration for 12 gold pieces
  9965 | D:8      | Reached skill level 5 in Invocations
 10164 | D:8      | Gained mutation: When hurt, damage is shared between your
                  | health and your magic reserves. [demonic ancestry]
 10164 | D:8      | Reached XP level 10. HP: 58/68 MP: 13/13
 10843 | D:8      | Remembered your ancestor Busisiwe as a hexer
 10985 | D:9      | Found a staircase to the Lair.
 11037 | D:9      | Found a stormy altar of Qazlal.
 11038 | D:9      | Found a blossoming altar of Fedhas.
 11161 | D:8      | Reached skill level 5 in Armour
 11656 | D:10     | Entered Level 10 of the Dungeon
 11710 | D:10     | Noticed a wizard
 11713 | D:10     | Noticed a two-headed ogre
 11734 | D:10     | Killed a wizard
 11735 | D:10     | Reached skill level 5 in Throwing
 11822 | D:10     | Killed a two-headed ogre
 12336 | Lair:1   | Entered Level 1 of the Lair of Beasts
 12421 | Lair:1   | Found a dark tunnel.
 12429 | Volcano  | Entered a volcano
 12666 | Volcano  | Found a radiant altar of Vehumet.
 12666 | Volcano  | Noticed a smoke demon
 12666 | Volcano  | Noticed a red ugly thing
 12708 | Volcano  | Killed a red ugly thing
 12709 | Volcano  | Reached XP level 11. HP: 38/74 MP: 1/15
 12717 | Volcano  | HP: 3/111 [smoke demon/divine providence (11)]
 12717 | Volcano  | HP: 1/111 [red devil/+1 trident of flaming (2)]
 12720 | Volcano  | Slain by a red devil

Illustrated notes

Levels and vault maps discovered:
D:1:      dpeg_arrival_refuge, layout_loops_corners,
          hellmonk_ecumenical_altar_crossroads, corexii_corridor_pit,
          minmay_small_reverse_x
D:2:      layout_basic
D:3:      layout_basic, okawaru_altar_gauntlet_db, st_stairs_9
D:4:      minmay_spotlight, layout_layer_cave, kennysheep_generic_room_9
D:5:      layout_basic
D:6:      layout_loops_ring, nicolae_overflow_hallway_of_the_gods,
          chequers_temple_overflow_minitemple, lemuel_doored_altar,
          minmay_temple_entry_glassed_door, serial_shops,
          nicolae_shop_advertising_works [nicolae_subvault_shop_adworks]
D:7:      layout_basic, gammafunk_ghost_grave, kennysheep_generic_room_7
D:8:      layout_loops_ring, kennysheep_mini, serial_glass, glass_columns_b,
          glass_columns_a, feat_on_display, grunt_livestock,
          chequers_serial_rivers_room_a
D:9:      layout_rooms, grunt_temple_overflow_forces_of_nature,
          due_lair_maze_entry_diamond, serial_shops, shop, minmay_circle_x
D:10:     layout_gridville, serial_bayou_crossing
Lair:1:   layout_long_grid, nicolae_volcano_entry_hallway
Volcano:  volcano_lake [vl_original]

Skill      XL: |  1  2  3  4  5  6  7  8  9 10 |
---------------+-------------------------------+-----
Dodging        | 2 3 4 5 6 |  6.0
Axes           | 2 3 4 5 6 |  6.1
Evocations     | 1 2 3 4 5 6 |  6.2
Armour         | 1 2 3 4 5 |  5.6
Throwing       | 1 2 3 4 5 |  5.4
Fighting       | 4 5 6 |  6.9
Shields        | 1 2 3 4 |  4.8
Invocations    | 3 5 6 |  6.6
Stealth        | |  4.5

Action                   |  1- 3 |  4- 6 |  7- 9 | 10-12 || total
-------------------------+-------+-------+-------+-------++-------
Melee: Rapier            |   103 |       |       |       ||   103
       Short sword       |    49 |   175 |   648 |   226 ||  1098
       Punch             |       |     1 |       |       ||     1
Throw: Dart              |       |       |       |    14 ||    14
       Throwing net      |       |       |       |     1 ||     1
Invok: Ancestor Life: He |       |       |       |     1 ||     1
Evoke: Phial of floods   |       |       |       |     1 ||     1
       Phantom mirror    |       |       |       |     1 ||     1
  Use: Scroll            |     2 |       |       |     9 ||    11
       Potion            |     1 |       |       |     4 ||     5
 Stab: Sleeping          |       |     3 |     4 |       ||     7
       Distracted        |       |       |     1 |     1 ||     2
       Confused          |       |       |       |     4 ||     4
       Held in net/web   |       |       |       |     1 ||     1
Armor: Chain mail        |   103 |       |       |       ||   103
       Ring mail         |     1 |   121 |   399 |   159 ||   680
Dodge: Dodged            |    77 |   149 |   438 |   187 ||   851
Block: Kite shield       |       |       |   378 |   168 ||   546

Table legend: (Time is in decaauts)
 A = Elapsed time spent in this place.
 B = Non-inter-level travel time spent in this place.
 C = Inter-level travel time spent in this place.
 D = Time resting spent in this place.
 E = Time spent auto-exploring this place.
 F = Levels seen in this place.
 G = Mean time per level.
                   A        B        C        D        E       F      G
               +--------+--------+--------+--------+--------+-----+--------+
         Total |  12990 |  12680 |    310 |   1053 |   8739 |  12 | 1082.5 |
       Dungeon |  12603 |  12293 |    310 |   1053 |   8578 |  10 | 1260.3 |
          Lair |     93 |     93 |      0 |      0 |      0 |   1 |   93.0 |
       Volcano |    294 |    294 |      0 |      0 |    161 |   1 |  294.0 |
               +--------+--------+--------+--------+--------+-----+--------+

Top non-repeatable levels by time:
     D:8: 2913 daAuts
     D:7: 1894 daAuts
     D:4: 1670 daAuts
     D:1: 1387 daAuts
     D:6: 1056 daAuts
     D:2: 914 daAuts
     D:5: 729 daAuts
     D:9: 725 daAuts
    D:10: 664 daAuts
     D:3: 645 daAuts
 Volcano: 294 daAuts
  Lair:1: 93 daAuts
